 Dungeon Crawl Stone Soup version 0.14.1-24-gbdbe590 (webtiles) character file.

328 Tromgard the Ducker (level 5, -1/79 HPs)
             Began as a Troll Berserker on July 2, 2014.
             Was a Priest of Trog.
             Slain by Sigmund
             ... wielding a +0,+0 scythe
              (10 damage)
             ... on Level 3 of the Dungeon.
             The game lasted 00:23:21 (2384 turns).

Tromgard the Ducker (Troll Berserker)               Turns: 2384, Time: 00:23:21

HP  -1/79        AC  5     Str 31      XL: 5   Next: 77%
MP   2/2         EV 11     Int  3      God: Trog [***...]
Gold 92          SH  0     Dex  9      Spells:  0 memorised,  4 levels left

rFire  . . .     SeeInvis .     a - +0 mace
rCold  . . .     Clarity  .     b - +0 animal skin
rNeg   . . .     Conserve .     (shield restricted)
rPois  .         rCorr    .     (helmet restricted)
rElec  .         rRot     .     (no cloak)
SustAb . .       Spirit   .     (gloves unavailable)
rMut   .         Warding  .     (boots unavailable)
Gourm  +         Stasis   .     (no amulet)
MR     .....                    (no ring)
                                (no ring)

@: berserking, very quick, not resistant to hostile enchantments, extremely
unstealthy
A: unfitting armour, claws 3, fast metabolism 3, gourmand, regeneration 2,
saprovore 2, shaggy fur 1, tough skin 2
a: Burn Spellbooks, Berserk, Trog's Hand, Renounce Religion


You were on level 3 of the Dungeon.
You worshipped Trog.
Trog was most pleased with you.
You were not hungry.

You visited 1 branch of the dungeon, and saw 3 of its levels.

You collected 92 gold pieces.

Inventory:

Hand weapons
 a - a +0,+0 mace (weapon)
Armour
 b - a +0 animal skin (worn)
Magical devices
 n - a wand of cold (5) {unknown}
Comestibles
 c - 4 meat rations
 l - 2 bread rations
 m - 10 strawberries
Scrolls
 d - a scroll of fear {unknown}
 j - 2 scrolls of identify {unknown}
 k - 2 scrolls of immolation {unknown}
 o - a scroll of teleportation {unknown}
 p - a scroll of amnesia {unknown}
 q - a scroll of remove curse {unknown}
 r - a scroll of enchant weapon II {unknown}
Potions
 e - 5 potions of curing
 f - a potion of magic {unknown}
 g - 2 potions of brilliance {unknown}
 h - a potion of confusion {unknown}
 i - a potion of heal wounds {unknown}


   Skills:
 + Level 3.0 Fighting
 + Level 3.8 Maces & Flails
 + Level 4.5 Dodging
 + Level 0.2 Stealth


You had 4 spell levels left.
You didn't know any spells.

Dungeon Overview and Level Annotations

Branches:
Dungeon (3/15)

Altars:
Xom

Annotations:
D:3 Sigmund


Innate Abilities, Weirdness & Mutations

You are too large for most types of armour.
You have claws for hands.
Your metabolism is lightning-fast.
You like to eat raw meat.
You heal very quickly.
You can eat rotten meat.
You are covered in fur (AC +1).
You have very tough skin (AC +2).


Message History

* * * LOW HITPOINT WARNING * * *
The goblin closely misses you.
A goblin comes into view. It is wielding a sling.
You miss something.
The goblin shouts!
You hear some strange, mumbled words.
The magic dart hits you!
* * * LOW HITPOINT WARNING * * *
The goblin shoots a stone.
The stone misses you.
You closely miss something. The goblin hits you but does no damage.
You hear some strange, mumbled words.
The magic dart hits you!
* * * LOW HITPOINT WARNING * * *
The goblin shoots a stone.
The stone misses you.
You closely miss something. The goblin barely misses you. Something hits you.
* * * LOW HITPOINT WARNING * * *
You sock something!
The goblin shoots a stone.
The stone hits you! The goblin hits you with a club.
* * * LOW HITPOINT WARNING * * *
You sock something! Something hits you!
You die...

≈≈≈≈≈≈≈≈≈≈....≈≈≈≈≈≈≈≈≈≈≈
≈≈≈≈≈≈≈≈≈≈....≈≈≈≈≈≈≈≈≈≈
≈≈≈≈≈≈≈≈≈..)(.≈≈≈≈≈≈≈≈≈≈
###########)%###########
.#.......#....#
(')).....#....#
.#########....#########..
........#......#.......g..
........'......g@.........
........#......#..........
.#########....#########..
.')......#....#
.#)......#....#
###############


You could see 2 goblins.

Vanquished Creatures
  Purgy (D:3)
  3 adders (D:2)
  3 gnolls (D:3)
  A giant gecko (D:1)
  A ball python (D:3)
  3 giant cockroaches
  19 goblins
  24 hobgoblins
  2 jackals (D:2)
  A quokka (D:2)
  6 bats
  4 giant newts
  6 kobolds (D:1)
  3 rats (D:2)
77 creatures vanquished.

Notes
Turn   | Place    | Note
--------------------------------------------------------------
     0 | D:1      | Tromgard, the Troll Berserker, began the quest for the Orb.
     0 | D:1      | Reached XP level 1. HP: 22/22 MP: 1/1
    57 | D:1      | Found a shimmering altar of Xom.
    57 | D:1      | Found a shimmering altar of Xom.
    57 | D:1      | Found a shimmering altar of Xom.
    58 | D:1      | Found a shimmering altar of Xom.
    58 | D:1      | Found a shimmering altar of Xom.
   321 | D:1      | Reached XP level 2. HP: 22/29 MP: 1/1
   808 | D:2      | Acquired Trog's second power
   808 | D:2      | Reached skill level 3 in Maces & Flails
  1045 | D:2      | Reached XP level 3. HP: 36/36 MP: 2/2
  1867 | D:3      | Reached XP level 4. HP: 44/44 MP: 2/2
  2254 | D:3      | Noticed Purgy
  2264 | D:3      | Killed Purgy
  2264 | D:3      | Reached skill level 4 in Dodging
  2264 | D:3      | Reached XP level 5. HP: 48/53 MP: 2/2
  2353 | D:3      | Noticed Sigmund
  2384 | D:3      | Slain by Sigmund

Action                   |  1- 3 |  4- 6 || total
-------------------------+-------+-------++-------
Melee: Mace              |   170 |   121 ||   291
Invok: Berserk           |     1 |     4 ||     5
  Use: Potion            |     1 |       ||     1
